 Dungeon Crawl Stone Soup version 0.29.1-12-g30fa7ad0bf (webtiles) character file.

Game seed: 12649575713526935118

3 hawla the Firebug (level 1, -1/14 HPs)
             Began as a Meteoran Fire Elementalist on Jan 5, 2023.
             Slain by Dowan
             ... wielding a +0 dagger
              (2 damage)
             ... on level 4 of the Dungeon.
             The game lasted 00:00:42 (69 turns).

hawla the Firebug (Meteoran Fire Elementalist)        Turns: 69, Time: 00:00:43

Health: -1/14      AC:  2    Str:  9    XL:     1   Next: 71%
Magic:  4/5        EV: 12    Int: 16    God:
Gold:   13         SH:  0    Dex: 14    Spells: 4/5 levels left

rFire   . . .      SeeInvis .   (no weapon)
rCold   . . .      Faith    .   (no shield)
rNeg    . . .      Spirit   .   a - +0 robe
rPois   .          Reflect  .   (no helmet)
rElec   .          Harm     .   (no cloak)
rCorr   .          Rampage  .   (no gloves)
Will    .....                   (no boots)
Stlth   +.........              (no amulet)
HPRegen 0.04/turn               (no ring)
MPRegen 0.09/turn               (no ring)

@: glowing
A: sense surroundings 1, otherworldly, glowing, explore regen
a: no special abilities


You were on level 4 of the Dungeon.
You visited 1 branch of the dungeon, and saw 4 of its levels.

You collected 13 gold pieces.

Inventory:

Armour
 a - a +0 robe (worn)
Scrolls
 c - a scroll of blinking {unknown}
Potions
 b - 2 potions of magic
 d - a potion of lignification {unknown}


   Skills:
 + Level 2.4 Dodging
 - Level 1.4 Stealth
 + Level 2.7 Spellcasting
 + Level 1.2 Conjurations
 + Level 3.8 Fire Magic


You had 4 spell levels left.
You knew the following spells:

 Your Spells              Type           Power      Damage    Failure   Level
a - Foxfire               Conj/Fire      40%        2x1d6     7%          1

Your spell library contained the following spells:

 Spells                   Type           Power      Damage    Failure   Level
 Scorch                   Fire           28%        2d6       6%          2
 Conjure Flame            Conj/Fire      10%        6-21      21%         3
 Inner Flame              Hex/Fire       8%         N/A       26%         3
 Flame Wave               Conj/Fire      10%        2d6       56%         4


Dungeon Overview and Level Annotations

Branches:
Dungeon (4/15) Zot: 2330
 Temple: D:4-7

Altars:

Annotations:
D:4 Dowan, Duvessa


Innate Abilities, Weirdness & Mutations

You passively map a small area around you.
You are easily found by Zot.
You glow in the dark.
You regain HP and MP as you explore.


Message History

Found a cyan potion.
Found a stone staircase leading down.
You see here a worm corpse.
Found a scroll labelled MIMOYH RANYAGA.
Found a stone staircase leading up.
c - a scroll labelled MIMOYH RANYAGA
d - a cyan potion
There is a stone staircase leading down here.
You climb downwards.
Magic restored.
Found a mace.
Found a stone staircase leading down.
There is a stone staircase leading up here.
There is a stone staircase leading down here.
You climb downwards.
Dowan shouts!
Duvessa shouts!
Found 9 gold pieces.
Found a stone staircase leading down.
There is a stone staircase leading up here.
Duvessa gestures with her weapon.
Casting: Foxfire (safe; 7% risk of failure)
Confirm with . or Enter, or press ? or * to list all spells.
You conjure some foxfire!
Casting: Foxfire (safe; 7% risk of failure)
Confirm with . or Enter, or press ? or * to list all spells.
You conjure some foxfire!
The foxfire hits Dowan.
Dowan is lightly wounded.
Dowan points at you and mumbles some strange words.
The puff of flame hits you!
Ouch! That really hurt!
Duvessa says, "When magic and the sword combine, nothing stands against them."
The foxfire hits Dowan.
Dowan is moderately wounded.
The foxfire hits Dowan.
Dowan is moderately wounded.
The foxfire hits Dowan.
Dowan is moderately wounded.
Dowan attacks as you move away! Dowan closely misses you.
Dowan attacks as you move away! Dowan hits you with a +0 dagger.
* * * LOW HITPOINT WARNING * * *
There is a stone staircase leading down here.
Dowan hits you with a +0 dagger.
You die...

* * , , * , , ,
,, , ,, ,
##+### ...$.# ,
* .....# ,
#########.....#
,,
#..@ee..<.....#
#......##.....#
#......# ######
#......#
##+##### , ,,,
,* , * ,, , ,


You could see Duvessa and Dowan.

Vanquished Creatures
  A worm (D:2)
1 creature vanquished.

Vanquished Creatures (others)
  9 foxfires
9 creatures vanquished.

Grand Total: 10 creatures vanquished

Notes
Turn   | Place    | Note
-------+----------+-------------------------------------------
     0 | D:1      | hawla the Meteoran Fire Elementalist began the quest for
                  | the Orb.
     0 | D:1      | Reached XP level 1. HP: 14/14 MP: 5/5
    60 | D:4      | Noticed Duvessa
    60 | D:4      | Noticed Dowan
    69 | D:4      | Slain by Dowan

Illustrated notes

Levels and vault maps discovered:
D:1:      dpeg_arrival_leaves_temple_mockup, layout_basic
D:2:      layout_rooms, item_on_display_a
D:3:      minmay_chambers_of_threes, layout_rooms
D:4:      layout_gridville, fedhas_altar_1, uniq_duvessa

Action                   || total
-------------------------++-------
 Cast: Foxfire           ||     6
Dodge: Dodged            ||     1
